 Dungeon Crawl Stone Soup version 0.29.0-13-gc9e81de378 (webtiles) character file.

Game seed: 11324743255169879721

723 Ofeo the Firebug (level 8, -1/62 HPs)
             Began as a Meteoran Fire Elementalist on Sept 9, 2022.
             Was an Initiate of Ashenzari.
             Shot with an arrow by a centaur (13 damage)
             ... on level 6 of the Dungeon.
             The game lasted 00:06:46 (724 turns).

Ofeo the Firebug (Meteoran Fire Elementalist)        Turns: 724, Time: 00:06:46

Health: -1/62      AC:  2    Str: 10    XL:     8   Next: 22%
Magic:  16/16      EV: 15    Int: 18    God:    Ashenzari [......]
Gold:   126        SH:  0    Dex: 21    Spells: 14/17 levels left

rFire   + + .      SeeInvis .   f - staff of fire
rCold   . . .      Faith    .   (no shield)
rNeg    . . .      Spirit   .   a - +0 robe
rPois   .          Reflect  .   (no helmet)
rElec   .          Harm     .   (no cloak)
rCorr   .          Rampage  .   (no gloves)
Will    +....                   (no boots)
Stlth   +.........              g - amulet of Vitality {RegenMP++ Regen++}
HPRegen 1.80/turn               d - ring of the Restrained Moon {rF+, Self, Bglg} (curse)
MPRegen 0.95/turn               k - +6 ring of dexterity

@: glowing
A: sense surroundings 1, otherworldly, glowing, explore regen
a: Renounce Religion, Shatter the Chains


You were on level 6 of the Dungeon.
You worshipped Ashenzari.
Ashenzari was noncommittal.
You visited 2 branches of the dungeon, and saw 8 of its levels.

You collected 126 gold pieces.

Inventory:

Armour
 a - a +0 robe (worn)
Magical Staves
 f - a staff of fire (weapon)
Jewellery
 d - the cursed ring of the Restrained Moon (left hand) {rF+, Self, Bglg}
   (You found it on level 1 of the Dungeon)

   [ring of protection from fire]

   rF:        It protects you from fire.
   It has a curse which improves the following skills: Introspection: Fighting
   and Spellcasting.
   Beguiling: Conjurations, Hexes and Translocations.
 g - the amulet of Vitality (around neck) {RegenMP++ Regen++}
   (You found it on level 3 of the Dungeon)

   [amulet of magic regeneration]

   It increases your rate of magic regeneration.
   Regen:     It increases your rate of health regeneration.
 k - a +6 ring of dexterity (right hand)
Wands
 c - a wand of iceblast (12) {@v4}
Scrolls
 i - 4 scrolls of identify {@r1}
 l - a scroll of enchant weapon {unknown}
Potions
 b - a potion of magic
 e - 3 potions of heal wounds {unknown}
 h - a potion of berserk rage {unknown}
 j - a potion of brilliance {unknown}
 q - a potion of curing {@q1}


   Skills:
 + Level 2.4(2.8) Fighting
 + Level 4.9 Dodging
 + Level 3.2 Stealth
 + Level 4.9(5.3) Spellcasting
 + Level 4.1(4.5) Conjurations
 + Level 5.4 Fire Magic


You had 14 spell levels left.
You knew the following spells:

 Your Spells              Type           Power      Damage    Failure   Level
a - Foxfire               Conj/Fire      100%       2x1d9     1%          1
b - Scorch                Fire           72%        2d8       1%          2

Your spell library contained the following spells:

 Spells                   Type           Power      Damage    Failure   Level
 Conjure Flame            Conj/Fire      34%        6-21      4%          3
 Inner Flame              Hex/Fire       21%        N/A       13%         3
 Flame Wave               Conj/Fire      34%        2d10      16%         4


Dungeon Overview and Level Annotations

Branches:
Dungeon (7/15) Zot: 3516   Temple (1/1) D:4 Zot: 556

Altars:
Ashenzari
Cheibriados
Dithmenos
Elyvilon
Fedhas
Gozag
Hepliaklqana
Kikubaaqudgha
Makhleb
Okawaru
Qazlal
Ru
Sif Muna
Trog
Uskayaw
Wu Jian
Xom
Yredelemnul
Zin
The Shining One

Shops:
D:7 !

Annotations:
D:3 2 transporters, Splishie's ghost, weakling GnWn


Innate Abilities, Weirdness & Mutations

You passively map a small area around you.
You are easily found by Zot.
You glow in the dark.
You regain HP and MP as you explore.


Message History

The arrow hits you!
You take 21 damage, and have 30/62 hp.
MASSIVE DAMAGE!!
You are too injured to fight recklessly!
Casting: Foxfire (safe; 1% risk of failure)
Confirm with . or Enter, or press ? or * to list all spells.
You feel a surge of power!
You conjure some foxfire!
The foxfire hits the centaur but does no damage.
The foxfire hits the centaur.
The centaur is lightly wounded.
You regained 2 hp, and now have 32/62 hp.
Casting: Foxfire (safe; 1% risk of failure)
Confirm with . or Enter, or press ? or * to list all spells.
You feel a surge of power!
You conjure some foxfire!
The foxfire hits the adder.
The adder is heavily wounded.
The centaur shoots an arrow.
The arrow hits you!
The centaur shoots an arrow.
The arrow barely misses you.
Your foxfire dissipates! x2
You take 10 damage, and have 22/62 hp.
Casting: Foxfire (safe; 1% risk of failure)
Confirm with . or Enter, or press ? or * to list all spells.
You feel a surge of power!
You conjure some foxfire!
The foxfire hits the centaur!
The centaur is heavily wounded.
The foxfire hits the adder.
The adder is severely wounded.
The foxfire hits the adder.
You kill the adder!
You regained 2 hp, and now have 24/62 hp.
Casting: Foxfire (safe; 1% risk of failure)
Confirm with . or Enter, or press ? or * to list all spells.
You feel a surge of power!
You conjure some foxfire!
The centaur shoots an arrow.
The arrow hits you!
* * * LOW HITPOINT WARNING * * *
The foxfire hits the centaur.
The centaur is almost dead.
An adder comes into view.
The centaur shoots an arrow.
The arrow hits you!
You die...

.. ....# , , ,,
..####..## #.*, ..... ,
.....#...##*###.# ,.....,
.........##..#.###..... *
#......#...§...§v.c.. *
## #.........###>§=§...S
#. #.......#..##§.§.§...
..*#.......#...§.§......,
..##....>..##..v@§......
#...........#..v.§......
##......................
#......................#
............†...........
.)..................=...
#...............#.##....
#.............###..##...
, #.............# .## #.


You could see a centaur (ally target) and an adder.

Vanquished Creatures
  2 ogres
  A centaur (D:6)
  2 necrophages (D:4)
  A scorpion (D:4)
  3 hounds (D:4)
  2 iguanas
  An orc wizard (D:4)
  3 gnolls (D:5)
  5 adders
  A worm (D:3)
  3 dart slugs
  6 orcs
  A bat (D:3)
  An endoplasm (D:4)
  A giant cockroach (D:4)
  3 goblins
  6 kobolds
  2 quokkas
  3 ball pythons (D:4)
47 creatures vanquished.

Vanquished Creatures (collateral kills)
  6 foxfires (D:5)
6 creatures vanquished.

Vanquished Creatures (others)
  153 foxfires
  26 fungi (D:5)
179 creatures vanquished.

Grand Total: 232 creatures vanquished

Notes
Turn   | Place    | Note
-------+----------+-------------------------------------------
     0 | D:1      | Ofeo the Meteoran Fire Elementalist began the quest for the
                  | Orb.
     0 | D:1      | Reached XP level 1. HP: 14/14 MP: 5/5
    83 | D:3      | Reached XP level 2. HP: 20/20 MP: 4/6
    86 | D:3      | Learned a level 2 spell: Scorch
   142 | D:3      | Found the amulet of Vitality {RegenMP++ Regen++}
   208 | D:3      | Found a transporter.
   214 | D:3      | Noticed Splishie's ghost (weakling GnWn)
   217 | D:3      | Found a transporter.
   253 | D:4      | Reached XP level 3. HP: 26/26 MP: 8/8
   267 | D:4      | Noticed a necrophage
   271 | D:4      | Noticed a necrophage
   272 | D:4      | Killed a necrophage
   273 | D:4      | Reached skill level 4 in Fire Magic
   273 | D:4      | Reached XP level 4. HP: 33/33 MP: 8/10
   276 | D:4      | Killed a necrophage
   277 | D:4      | Reached XP level 5. HP: 38/38 MP: 8/11
   346 | D:4      | Reached XP level 6. HP: 45/45 MP: 8/12
   383 | D:4      | Found a staircase to the Ecumenical Temple.
   401 | D:4      | Reached skill level 1 in Fighting
   407 | Temple   | Entered the Ecumenical Temple
   433 | Temple   | Became a worshipper of Ashenzari the Shackled
   462 | D:4      | Reached XP level 7. HP: 52/52 MP: 12/14
   536 | D:5      | Entered Level 5 of the Dungeon
   540 | D:5      | Reached skill level 5 in Fire Magic
   638 | D:5      | Found a shadowy altar of Dithmenos.
   680 | D:6      | Reached XP level 8. HP: 58/62 MP: 16/16
   704 | D:7      | Found Cusoasue's Distillery.
   724 | D:6      | Shot with an arrow by a centaur

Illustrated notes

Levels and vault maps discovered:
D:1:      dpeg_arrival_signposts, layout_basic,
          shapermc_ecumenical_altar_ellora, serial_shops, nicolae_square_shop,
          minmay_lizard_king
D:2:      kennysheep_the_goblin_king, layout_loops_ring, due_unseen_surprise
D:3:      layout_loops_corners, gammafunk_ghost_arena
D:4:      layout_cave_pools, minmay_temple_entry_statues_fountains
D:5:      layout_rooms, mainiacjoe_overflow_catch_the_wave
D:6:      layout_cave_pools, mainiacjoe_overflow_alcove_4
D:7:      layout_cave_pods, serial_shops, nicolae_square_shop,
          reono_crystal_passage, minmay_manual_mail, uniq_prince_ribbit1
Temple:   nicolae_temple_bog_church

Skill      XL: |  1  2  3  4  5  6  7  8 |
---------------+-------------------------+-----
Spellcasting   | 3 4 |  4.9
Dodging        | 3 4 |  4.9
Stealth        | 2 3 |  3.2
Conjurations   | 2 3 4 |  4.1
Fire Magic     | 4 5 |  5.4
Fighting       | 1 2 |  2.4

Action                   |  1- 3 |  4- 6 |  7- 9 || total
-------------------------+-------+-------+-------++-------
Melee: Unarmed           |     1 |       |       ||     1
 Cast: Foxfire           |    16 |    33 |    45 ||    94
       Scorch            |     6 |     8 |     6 ||    20
Invok: Curse Item        |       |       |     1 ||     1
  Use: Scroll            |       |     3 |       ||     3
Armor: Robe              |     2 |     1 |       ||     3
Dodge: Dodged            |     6 |     7 |     4 ||    17
